 Dungeon Crawl Stone Soup version 0.16-b1 (webtiles) character file.

250 dysrexia the Slasher (level 6, -8/43 HPs)
             Began as an Octopode Abyssal Knight on Mar 14, 2015.
             Was a Priest of Lugonu.
             Mangled by an ogre
             ... wielding a +0 giant spiked club
              (28 damage)
             ... on level 4 of the Dungeon.
             The game lasted 00:13:33 (3069 turns).

dysrexia the Slasher (Octopode Abyssal Knight)      Turns: 3069, Time: 00:13:33

Health: -8/43      AC:  5    Str: 11    XL:     6   Next: 13%
Magic:  7/7        EV: 12    Int: 14    God:    Lugonu [***...]
Gold:   95         SH:  0    Dex: 14    Spells: 0 memorised, 5 levels left

rFire  . . .     SeeInvis .     a - +1 falchion
rCold  . . .     Clarity  .     (no shield)
rNeg   . . .     SustAb   +     (helmet restricted)
rPois  .         Gourm    .     (no amulet)
rElec  .         Spirit   .     f - +4 ring of protection
rCorr  .         Warding  .     b - ring of sustain abilities
rMut   .         Stasis   .     (no ring)
MR     .....                    (no ring)
Stlth  +++.......               (no ring)
                                (no ring)
                                (no ring)
                                (no ring)

@: not resistant to hostile enchantments, fairly stealthy
A: almost no armour, amphibious, 8 rings, constrict 8, camouflage 1, gelatinous
body 1
a: Depart the Abyss, Bend Space, Banish, Renounce Religion


You were on level 4 of the Dungeon.
You worshipped Lugonu.
Lugonu was most pleased with you.
You were not hungry.

You visited 1 branch of the dungeon, and saw 4 of its levels.
You visited the Abyss 1 time.

You collected 95 gold pieces.

Inventory:

Hand weapons
 a - a +1 falchion (weapon)
Missiles
 g - 125 stones (quivered)
Jewellery
 b - a ring of sustain abilities (right tentacle)
 f - a +4 ring of protection (left tentacle)
 n - an uncursed ring of poison resistance {unknown}
Magical devices
 t - a wand of draining (12)
Scrolls
 e - a scroll of recharging
 i - a scroll of fear
Potions
 h - a potion of haste {unknown}
 j - a potion of mutation
 l - 2 potions of curing {unknown}
 q - a potion of ambrosia {unknown}
 s - 2 potions of degeneration {unknown}
Comestibles
 c - 2 bread rations
 d - a slice of pizza
 k - a chunk of flesh
 r - 2 meat rations


   Skills:
 * Level 4.0 Fighting
 - Level 5.1 Long Blades
 - Level 2.3 Dodging
 + Level 2.8 Stealth
 - Level 2.0 Invocations


You had 5 spell levels left.
You didn't know any spells.

Dungeon Overview and Level Annotations

Branches:
Dungeon (4/15)
 Temple: D:4-7

Altars:
Ashenzari
Dithmenos
Trog
Yredelemnul

Annotations:
D:4 Sigmund


Innate Abilities, Weirdness & Mutations

You cannot wear most types of armour.
You are amphibious.
You can wear up to eight rings at the same time.
You can use your tentacles to constrict many enemies at once.
Your skin changes colour to match your surroundings (Stealth).
Your rubbery body absorbs attacks (AC +1).


Message History

You kill the giant cockroach!
Lugonu accepts your kill.
You see here a giant cockroach corpse.
You butcher the giant cockroach corpse.
k - a chunk of flesh
Found 7 gold pieces.
You now have 95 gold pieces (gained 7).
An ogre comes into view. It is wielding a giant spiked club.
The ogre shouts!
Read which item? (? for menu, Esc to quit)
Okay, then.
You hit the ogre. You squeeze the ogre.
The ogre is heavily wounded.
The ogre hits you with a giant spiked club!!
Ouch! That really hurt!
You hit the ogre. You squeeze the ogre.
The ogre is severely wounded.
The ogre hits you with a giant spiked club!!
Ouch! That really hurt!
You die...

****,****#.....,.#
#..<.# *,*
#...#.#.###.##.# *,*
#....#......##.# *,*
#.........#.##.# *
*,**####.#...####.##.#
*
*,,,..............##.#
*
**,*####.##...######.#
* *,* **#,*###O# #.# *
*,* *,,,* #@# #.## *
*,* *,*** #.## #..# *
*,* *,* #..# ##.# *
*,* *,* ##.# #.# * *,*
*,* #.# #.# *****,*
*,* #.# #.# ,,,,,,*
*,* #.# #.# *******
*,* #.# #.# * *,* #.#
#.#


You could see an ogre.

Vanquished Creatures
  An orc wizard (D:3)
  Jessica (D:3)
  Robin (D:4)
  9 adders
  A giant mite (D:3)
  3 worms (D:2)
  2 oozes
  7 orcs (D:3)
  6 bats
  3 giant cockroaches
  24 goblins
  12 hobgoblins
  3 jackals (D:4)
  2 quokkas
  3 giant newts
  8 kobolds
  8 rats
94 creatures vanquished.

Notes
Turn   | Place    | Note
--------------------------------------------------------------
     0 | Abyss:1  | dysrexia, the Octopode Abyssal Knight, began the quest for the Orb.
     0 | Abyss:1  | Reached XP level 1. HP: 16/16 MP: 1/1
     6 | D:1      | Escaped the Abyss
   201 | D:1      | Reached XP level 2. HP: 9/21 MP: 2/2
   805 | D:2      | Acquired Lugonu's second power
   838 | D:2      | Reached XP level 3. HP: 23/26 MP: 3/3
  1091 | D:2      | Reached skill level 4 in Long Blades
  1135 | D:2      | Reached XP level 4. HP: 31/31 MP: 5/5
  1839 | D:3      | Noticed Jessica
  1847 | D:3      | Killed Jessica
  1847 | D:3      | Reached skill level 5 in Long Blades
  1847 | D:3      | Reached XP level 5. HP: 31/36 MP: 6/6
  2100 | D:3      | Reached skill level 1 in Stealth
  2347 | D:3      | Acquired Lugonu's third power
  2750 | D:3      | Found a basalt altar of Yredelemnul.
  2756 | D:3      | Found a bloodstained altar of Trog.
  2759 | D:3      | Found a shattered altar of Ashenzari.
  2762 | D:3      | Found a shadowy altar of Dithmenos.
  2855 | D:4      | Reached XP level 6. HP: 33/43 MP: 7/7
  2870 | D:4      | Noticed Robin
  2880 | D:4      | Killed Robin
  2929 | D:4      | Noticed Sigmund
  3057 | D:4      | Noticed an ogre
  3069 | D:4      | Mangled by an ogre

Action                   |  1- 3 |  4- 6 || total
-------------------------+-------+-------++-------
Melee: Falchion          |    62 |   123 ||   185
Throw: Stone             |     9 |     9 ||    18
  Use: Scroll            |     2 |     6 ||     8
 Stab: Sleeping          |     5 |     3 ||     8
       Distracted        |       |     1 ||     1
  Eat: Chunk             |     1 |     6 ||     7
